Map: Dusk Towers

Players

xKawaiian - Winner!

  • Race: Terran Terran
  • League: Master

IIllIIlIllll

  • Race: Protoss Protoss
  • League: Grandmaster

VOD

Have the link to the VOD?

Description

Time

  • Played on: Jan. 13, 2016, 9:30 p.m.
  • Length: 13:13
Show
View Real Time Build Order
Export as new Build Order

xKawaiian Terran - Winner!

Build Orders: Reaper Expand 

Get SALT Encoding   

  12  0:00  SCV  
  13  0:13  SCV  
  14  0:18  Supply Depot  
  14  0:25  SCV  
  15  0:39  SCV  
  15  0:41  Barracks  
  16  0:46  Refinery  
  16  0:51  SCV  
  17  1:03  SCV  
  18  1:15  SCV  
  19  1:28  Orbital Command  
  19  1:29  Reaper  
  20  1:40  Command Center  
  20  1:50  Supply Depot  
  20  1:55  SCV  
  21  2:02  Barracks Reactor  
  21  2:07  SCV  
  22  2:08  Barracks  
  22  2:18  Barracks  
  22  2:19  SCV  
  23  2:31  SCV  
  24  2:39  Marine x2  
  24  2:43  SCV  
  27  2:56  SCV  
  27  2:57  Marine x2, Orbital Command  
  27  2:58  Barracks Tech Lab  
  30  3:07  Refinery  
  30  3:08  Factory  
  30  3:09  SCV  
  32  3:15  Marine x2  
  32  3:16  Marine  
  32  3:17  Stimpack, Marine  
  35  3:22  SCV  
  35  3:24  SCV  
  37  3:31  Supply Depot  
  37  3:33  Marine  
  37  3:34  SCV, Marine  
  39  3:36  SCV  
  39  3:37  Marine  
  41  3:42  Marine  
  41  3:46  SCV  
  43  3:50  SCV  
  43  3:52  Starport  
  43  3:53  Factory Reactor  
  44  3:57  Supply Depot, Marine  
  44  3:58  SCV, Marine  
  44  4:01  Marine  
  48  4:04  SCV  
  48  4:07  Marine  
  48  4:09  Supply Depot  
  50  4:12  SCV  
  50  4:16  SCV, Marine  
  53  4:19  Marine x2  
  53  4:20  Supply Depot  
  53  4:24  SCV  
  56  4:36  Medivac x2  
  60  4:41  Command Center  
  60  4:42  SCV  
  60  4:44  Marine  
  62  4:45  Barracks Tech Lab  
  62  4:53  Engineering Bay  
  62  4:55  SCV  
  62  4:56  Engineering Bay  
  62  4:58  SCV, Factory Reactor  
  64  5:03  Refinery  
  64  5:05  Refinery  
  65  5:07  SCV  
  65  5:10  Marine x2  
  65  5:11  Marauder  
  65  5:12  SCV, Marine  
  71  5:20  SCV  
  72  5:25  SCV  
  72  5:28  Marine x2  
  73  5:30  Marauder  
  73  5:32  Terran Infantry Weapons Level 1, SCV, Terran Infantry Armor Level 1  
  76  5:45  Barracks, Missile Turret  
  76  5:47  Missile Turret, Marine  
  76  5:48  Medivac, Marauder  
  78  5:54  Marauder, Marine  
  78  5:56  Missile Turret  
  80  5:59  SCV  
  80  6:00  SCV  
  83  6:05  Orbital Command  
  83  6:11  SCV  
  83  6:14  Marine  
  83  6:15  Marauder  
  83  6:16  Supply Depot  
  86  6:24  SCV  
  86  6:25  Barracks  
  87  6:26  SCV  
  87  6:27  Orbital Command  
  87  6:28  Medivac  
  90  6:36  SCV, Barracks Reactor  
  90  6:38  SCV  
  92  6:40  Marine  
  92  6:41  Marauder  
  92  6:42  Medivac, Widow Mine  
  99  6:48  Marauder  
  99  6:53  Supply Depot  
  101  6:58  Armory  
  101  7:00  SCV x3, Marine  
  105  7:04  Supply Depot  
  105  7:06  Marauder, Marine  
  108  7:12  Barracks Tech Lab  
  108  7:14  SCV, Widow Mine  
  111  7:15  Medivac  
  111  7:16  SCV  
  111  7:18  SCV  
  111  7:22  Marauder  
  117  7:26  Marine  
  118  7:30  Marine  
  118  7:31  Marauder  
  118  7:37  Marine x2  
  125  7:46  Supply Depot  
  125  7:51  SCV, Marine  
  125  7:53  Command Center  
  125  7:56  Refinery  
  125  7:57  Refinery  
  125  7:58  Terran Infantry Weapons Level 2  
  125  8:02  Terran Infantry Armor Level 2  
  125  8:07  SCV x3, Marine  
  125  8:09  Supply Depot  
  129  8:15  Marine  
  129  8:16  Marauder  
  129  8:19  SCV x2  
  133  8:28  Supply Depot  
  133  8:31  SCV  
  133  8:32  Supply Depot, Marauder x2, Marine x2  
  140  8:36  Supply Depot  
  140  8:40  Supply Depot  
  140  8:41  Starport  
  140  8:45  SCV  
  140  8:48  Terran Ship Weapons Level 1  
  141  8:50  Viking x2  
  141  8:54  SCV x2, Starport  
  145  8:56  Supply Depot  
  145  8:58  Marauder, Marine  
  145  9:01  SCV  
  149  9:06  SCV x2  
  149  9:09  Planetary Fortress  
  150  9:13  Marine  
  150  9:14  Marauder  
  150  9:15  SCV  
  154  9:18  Missile Turret  
  154  9:20  Starport Reactor  
  154  9:25  Viking  
  154  9:26  SCV  
  154  9:28  SCV  
  154  9:31  Marauder, Marine  
  161  9:33  Starport Tech Lab  
  161  9:42  Marine, Viking, Liberator  
  161  9:43  Marauder  
  161  9:45  Marauder  
  168  9:47  SCV  
  168  9:48  SCV x2  
  165  9:55  Viking  
  165  10:00  Marine, Viking, Medivac  
  165  10:01  Liberator  
  165  10:06  Marine x3  
  165  10:07  Marauder x2  
  174  10:08  SCV  
  174  10:11  Marine  
  176  10:14  Supply Depot  
  176  10:18  Marine  
  180  10:24  Marine x2  
  180  10:28  Marauder x2  
  186  10:32  Marine  
  186  10:33  Marauder  
  179  10:36  Marine  
  179  10:42  Viking, Marine x2  
  184  10:46  SCV  
  184  10:49  Marauder  
  189  10:50  Marine, Marauder  
  189  10:53  Marine  
  189  10:54  Marauder  
  193  10:59  Marine  
  193  11:00  Viking, Marine  
  195  11:08  Marine  
  195  11:10  Marine  
  195  11:11  Marine, Marauder  
  193  11:13  Viking x2  
  193  11:15  Marine  
  193  11:17  Viking, Marine  
  185  11:19  Marine  
  149  11:25  Marine  
  149  11:29  Command Center  
  149  11:30  SCV  
  144  11:35  Marauder, Marine  
  144  11:38  Marine  
  144  11:39  Medivac, Marauder  
  144  11:40  SCV x2  
  144  11:41  SCV  
  144  11:45  Marine  
  144  11:46  Medivac, Marauder  
  145  11:49  SCV  
  145  11:52  SCV  
  145  11:53  SCV x2  
  141  12:00  Viking, Marine  
  144  12:04  Viking, Marine x2  
  148  12:10  Marine  
  148  12:11  Marauder, Marine  
  148  12:12  SCV  
  153  12:16  SCV, Refinery x2  
  153  12:22  Marine x2  
  156  12:29  Marauder  
  158  12:31  SCV  
  158  12:32  Barracks  
  158  12:33  Barracks  
  158  12:34  Marine x2  
  161  12:41  Marauder, Marine x2  
  165  12:53  Marine  
Show
View Real Time Build Order
Export as new Build Order

IIllIIlIllll Protoss 

Build Orders: 1 Gate Expand, Phoenix Opening 

Get SALT Encoding   

  12  0:01  Probe (Chrono Boost)  
  13  0:11  Probe (Chrono Boost)  
  14  0:17  Pylon  
  14  0:22  Probe (Chrono Boost)  
  15  0:36  Probe (Chrono Boost), Gateway  
  16  0:46  Probe (Chrono Boost)  
  18  0:57  Probe (Chrono Boost)  
  18  1:13  Nexus  
  18  1:15  Assimilator  
  18  1:25  Cybernetics Core  
  18  1:28  Probe (Chrono Boost)  
  19  1:33  Assimilator  
  19  1:39  Probe (Chrono Boost)  
  20  1:51  Probe (Chrono Boost)  
  20  1:52  Pylon  
  21  2:01  Pylon  
  21  2:02  Adept (Chrono Boost)  
  23  2:10  Probe  
  23  2:12  Warp Gate  
  24  2:22  Probe (Chrono Boost)  
  25  2:27  Mothership Core (Chrono Boost)  
  27  2:33  Probe (Chrono Boost)  
  29  2:44  Probe (Chrono Boost)  
  29  2:45  Probe (Chrono Boost)  
  30  2:54  Probe (Chrono Boost), Stargate  
  30  2:56  Probe (Chrono Boost)  
  32  3:05  Probe (Chrono Boost)  
  33  3:06  Probe (Chrono Boost)  
  33  3:09  Robotics Facility  
  34  3:15  Probe (Chrono Boost)  
  34  3:16  Adept  
  34  3:18  Probe (Chrono Boost)  
  38  3:23  Assimilator  
  38  3:26  Probe (Chrono Boost)  
  39  3:30  Probe (Chrono Boost)  
  40  3:38  Phoenix (Chrono Boost)  
  40  3:40  Probe  
  43  3:44  Probe  
  44  3:50  Assimilator  
  44  3:52  Probe, Pylon  
  44  3:55  Pylon  
  45  3:56  Probe, Observer (Chrono Boost)  
  45  3:57  Phoenix  
  49  4:04  Probe  
  49  4:08  Probe  
  51  4:12  Gateway  
  51  4:16  Probe  
  52  4:18  Gateway  
  52  4:21  Observer (Chrono Boost), Phoenix  
  53  4:26  Probe  
  56  4:33  Pylon  
  56  4:35  Probe  
  57  4:38  Probe  
  57  4:43  Phoenix  
  58  4:51  Robotics Bay  
  60  5:02  Probe  
  60  5:03  Probe  
  62  5:13  Immortal (Chrono Boost)  
  66  5:15  Probe  
  66  5:18  Nexus  
  66  5:21  Sentry  
  69  5:25  Pylon  
  69  5:26  Pylon  
  69  5:30  Probe, Pylon  
  69  5:31  Probe  
  71  5:42  Probe  
  72  5:49  Adept x2  
  76  5:50  Adept  
  76  5:56  Phoenix  
  78  5:59  Probe  
  81  6:05  Pylon  
  81  6:07  Probe  
  82  6:11  Pylon  
  82  6:12  Probe, Pylon  
  83  6:22  Probe, Phoenix  
  83  6:23  Colossus (Chrono Boost)  
  83  6:24  Extended Thermal Lance  
  92  6:26  Probe  
  92  6:29  Probe  
  94  6:37  Probe  
  94  6:38  Probe  
  96  6:42  Probe, Adept x3  
  103  6:48  Pylon  
  103  6:50  Pylon, Phoenix  
  105  7:02  Probe x2  
  105  7:05  Adept  
  105  7:06  Adept  
  111  7:08  Adept  
  111  7:10  Colossus (Chrono Boost)  
  119  7:20  Twilight Council, Probe x2  
  119  7:21  Forge  
  121  7:28  Probe  
  122  7:32  Probe  
  122  7:34  Phoenix  
  123  7:39  Probe x2  
  123  7:42  Adept  
  123  7:43  Adept x2  
  133  7:50  Colossus (Chrono Boost)  
  133  7:52  Probe  
  133  7:56  Assimilator  
  133  7:57  Assimilator  
  133  7:58  Protoss Ground Weapons Level 1  
  140  7:59  Resonating Glaives (Chrono Boost)  
  140  8:06  Pylon  
  140  8:11  Pylon  
  140  8:13  Gateway  
  140  8:15  Gateway  
  140  8:17  Gateway, Phoenix  
  140  8:19  Gateway  
  140  8:26  Adept x3  
  147  8:38  Phoenix  
  147  8:45  Observer  
  150  9:01  Nexus  
  150  9:04  Pylon  
  150  9:05  Probe x2, Pylon  
  152  9:11  Probe  
  152  9:15  Colossus  
  153  9:17  Fleet Beacon  
  153  9:19  Probe  
  153  9:21  Pylon  
  153  9:23  Stargate  
  160  9:25  Probe  
  160  9:27  Oracle  
  160  9:29  Templar Archives  
  161  9:33  Probe  
  161  9:36  Probe, Assimilator  
  161  9:38  Probe  
  167  9:42  Assimilator  
  166  9:46  Probe  
  167  10:02  Probe  
  167  10:03  Probe  
  167  10:06  Tempest  
  169  10:07  Colossus  
  169  10:12  Tempest  
  177  10:17  Adept x6  
  184  10:35  Probe  
  184  10:36  Probe x3  
  188  10:43  Tempest, Assimilator  
  188  10:48  Probe  
  193  10:55  Adept  
  194  10:58  Tempest  
  173  11:15  Adept x2  
  173  11:16  Adept x4  
  173  11:17  Colossus  
  165  11:19  Probe  
  165  11:22  Tempest  
  165  11:25  Probe  
  144  11:32  Pylon  
  144  11:37  Adept x6  
  144  11:38  Pylon  
  142  11:49  Nexus  
  142  11:51  Probe  
  137  12:11  Observer (Chrono Boost)  
  137  12:12  Oracle  
  137  12:21  Photon Cannon  
  140  12:23  Probe x2  
  142  12:35  Probe x2  
  144  12:47  Probe  
  139  12:59  Stalker x2  
  139  13:00  Stalker x3  
Tags
 
Add a new tag
Caveats
  • Supply blocks, unpowered buildings, or Contaminate may cause inaccurate times.
  • Supply counts are checked every 10 seconds.